 Seeded DCSS version 0.30.1-4-g462c640d31 (webtiles) character file.

Game seed: 6351066067085065685 (custom seed)

286 Esekla the Grave Robber (level 6, -5/32 HPs)
             Began as a Deep Elf Necromancer on Aug 15, 2023.
             Was a Follower of Vehumet.
             Slain by a gnoll
             ... wielding a +0 spear
             ... led by a gnoll bouda
              (6 damage)
             ... on level 4 of the Dungeon.
             The game lasted 00:15:54 (2547 turns).

Esekla the Grave Robber (Deep Elf Necromancer)      Turns: 2547, Time: 00:15:54

Health: -5/32      AC:  4    Str:  5    XL:     6   Next: 8%
Magic:  15/15      EV: 13    Int: 22    God:    Vehumet [*.....]
Gold:   173        SH:  0    Dex: 18    Spells: 7/15 levels left

rFire   . . .        o - +5 rapier of the Hero {heavy, rN+ Dex+3}
rCold   . . .        (no shield)
rNeg    + . .        a - +0 robe
rPois   .            h - +0 helmet
rElec   .            (no cloak)
rCorr   .            k - +0 pair of gloves
SInv    .            (no boots)
Will    .....        (no amulet)
Stlth   +++          (no ring)
HPRegen 0.25/turn    (no ring)
MPRegen 0.14/turn

%: no passive effects
@: no status effects
A: no striking features
a: Renounce Religion


You were on level 4 of the Dungeon.
You worshipped Vehumet.
Vehumet was aware of your devotion.
You visited 1 branch of the dungeon, and saw 4 of its levels.

You collected 173 gold pieces.

Inventory:

Hand Weapons
 o - the +5 rapier of the Hero (weapon) {heavy, rN+ Dex+3}
   (You found it on level 3 of the Dungeon)

   Dex:       It affects your dexterity (+3).
   rN:        It protects you from negative energy.
Missiles
 t - 4 poisoned darts (quivered)
Armour
 a - a +0 robe (worn)
 h - a +0 helmet (worn)
 k - a +0 pair of gloves (worn)
Wands
 p - a wand of roots (7)
Scrolls
 c - a scroll of blinking {unknown}
 e - a scroll of amnesia {unknown}
 f - 3 scrolls of identify {unknown}
 m - a scroll of enchant armour {unknown}
 n - a scroll of immolation {unknown}
 s - a scroll of fog {unknown}
Potions
 b - a potion of magic
 d - a potion of ambrosia {unknown}
 g - a potion of haste {unknown}
 i - a potion of mutation {unknown}
 j - 2 potions of curing {unknown}
 l - 2 potions of attraction {unknown}
 q - 2 potions of brilliance {unknown}
 r - a potion of heal wounds {unknown}


   Skills:
 + Level 1.7 Short Blades
 * Level 3.6 Dodging
 + Level 3.4 Stealth
 * Level 5.1 Spellcasting
 * Level 6.3 Necromancy
 * Level 1.2 Translocations


You had 7 spell levels left.
You knew the following spells:

 Your Spells              Type           Power      Damage    Failure   Level
a - Necrotise             Necr           100%       1d9       1%          1
b - Shock                 Conj/Air       20%        1d4       10%         1
c - Teleport Other        Tloc           11%        N/A       17%         3
d - Vampiric Draining     Necr           33%        2d8       2%          3

Your spell library contained the following spells:

 Spells                   Type           Power      Damage    Failure   Level
 Animate Dead             Necr           33%        N/A       8%          4
 Lesser Beckoning         Tloc           22%        N/A       9%          2
 Gell's Gravitas          Tloc           11%        N/A       17%         3
 Agony                    Necr           33%        N/A       21%         5


Dungeon Overview and Level Annotations

Branches:
Dungeon (4/15)
 Temple: D:4-7

Altars:
Hepliaklqana
Okawaru
Qazlal
Trog
Vehumet
Zin
The Shining One

Shops:
D:2 =


Message History

Casting: Vampiric Draining (dangerous; 2% risk of failure)
Confirm with . or Enter, or press ? or * to list all spells.
Aiming: Vampiric Draining (dangerous; 2% risk of failure)
Press: ? - help, Shift-Dir - straight line, f/p - gnoll bouda
Aim: a gnoll bouda, wielding a +0 club and wearing a +0 leather armour (severely wounded)
You draw life force from the gnoll bouda!
You kill the gnoll bouda!
Vehumet accepts your kill.
You feel life coursing into your body.
You have reached level 6!
Things that are here:
a +0 club; a +0 leather armour; a +0 whip
Things that are here:
a +0 halberd; a gnoll corpse
There is a stone staircase leading down, spattered with blood here.
You start resting.
Your attacks no longer feel as feeble.
You start resting.
Magic restored.
You climb downwards.
The gnoll throws a throwing net.
The throwing net hits you.
You become entangled in the net!
The gnoll hits you but does no damage.
There is a stone staircase leading up, spattered with blood here.
You see here a throwing net.
You struggle against the net.
The gnoll hits you with a +0 club.
The gnoll hits you from afar with a +0 spear.
You struggle against the net.
The gnoll hits you from afar with a +0 spear.
The gnoll hits you with a +0 club.
The gnoll hits you from afar with a +0 spear.
You shred the net and break free!
The gnoll hits you from afar with a +0 spear.
The gnoll hits you with a +0 club.
* * * LOW HITPOINT WARNING * * *
The gnoll barely misses you.
The gnoll hits you from afar with a +0 spear.
* * * LOW HITPOINT WARNING * * *
The gnoll misses you.
The gnoll hits you from afar with a +0 spear.
You die...

#...............###.......
#.................+.......
#...............)##.......
#.........................
+.........................
#........................#
#.........................
#..............#..........
#......g.@.....#..........
#.........g...##..........
.?.#......g.......#..........
.............####.#..........
.....(.......#....#..........
...##.(...........#..........
..........................>..
##...............######....
g##...............### #....


You could see 3 gnolls.

Vanquished Creatures
  A black bear (D:2)
  A gnoll bouda (D:3)
  A hound (D:3)
  An iguana (D:2)
  4 gnolls
  2 adders
  2 dart slugs
  3 orcs (D:3)
  6 ball pythons
  4 endoplasms
  8 goblins
  4 hobgoblins
  A quokka (D:1)
  4 bats
  4 frilled lizards
  4 kobolds
  A rat (D:2)
51 creatures vanquished.

Notes
Turn   | Place    | Note
-------+----------+-------------------------------------------
     0 | D:1      | Esekla the Deep Elf Necromancer began the quest for the
                  | Orb.
     0 | D:1      | Reached XP level 1. HP: 10/10 MP: 6/6
   341 | D:4      | Found an iron altar of Okawaru.
   352 | D:4      | Found a glowing silver altar of Zin.
   436 | D:4      | Found a glowing golden altar of the Shining One.
   448 | D:4      | Found a radiant altar of Vehumet.
   466 | D:4      | Became a worshipper of Vehumet
   539 | D:3      | Reached skill level 5 in Necromancy
   650 | D:3      | Reached XP level 2. HP: 12/15 MP: 8/8
   728 | D:3      | Found a hazy altar of Hepliaklqana.
   730 | D:3      | Found a bloodstained altar of Trog.
   731 | D:3      | Found a stormy altar of Qazlal.
   765 | D:3      | Reached XP level 3. HP: 7/19 MP: 10/10
   769 | D:3      | Learned a level 3 spell: Vampiric Draining
  1037 | D:3      | Reached skill level 1 in Short Blades
  1179 | D:3      | Identified the +5 rapier of the Hero {heavy, rN+ Dex+3}
  1263 | D:2      | Found Renulab's Jewellery Shop.
  1297 | D:2      | Reached XP level 4. HP: 24/24 MP: 11/11
  1562 | D:1      | Reached * piety under Vehumet
  1562 | D:1      | Offered knowledge of Shock by Vehumet.
  1565 | D:1      | Learned a level 1 spell: Shock
  1569 | D:1      | Learned a level 3 spell: Teleport Other
  1819 | D:2      | Found a faded altar of an unknown god.
  1847 | D:2      | Reached XP level 5. HP: 25/28 MP: 6/13
  1905 | D:2      | Noticed a black bear
  1915 | D:2      | Killed a black bear
  1916 | D:2      | Reached skill level 6 in Necromancy
  1916 | D:2      | Reached skill level 1 in Translocations
  2433 | D:3      | Reached skill level 5 in Spellcasting
  2494 | D:3      | Reached XP level 6. HP: 32/32 MP: 8/15
  2547 | D:4      | HP: 1/32 [gnoll/+0 spear[a gnoll bouda] (4)]
  2547 | D:4      | Slain by a gnoll

Illustrated notes

Levels and vault maps discovered:
D:1:      sevenhm_arrival_forest_fort_small_3, layout_rooms,
          chequers_serial_rivers_room_b, minmay_misc_feat_five
D:2:      layout_loops_ring, dreamdust_ecumenical_altar_angels_and_demons,
          serial_shops, shop
D:3:      layout_basic, grunt_temple_overflow_open, minmay_misc_feat_iff
D:4:      layout_basic, nicolae_overflow_quartered_altars, serial_shops,
          nicolae_diamond_shop

Skill      XL: |  1  2  3  4  5 |
---------------+----------------+-----
Necromancy     | 5 6 |  6.3
Dodging        | 3 |  3.6
Stealth        | 3 |  3.4
Short Blades   | 1 |  1.7
Spellcasting   | 4 5 |  5.1
Translocations | 1 |  1.2

Action                     |  1- 3 |  4- 6 || total
---------------------------+-------+-------++-------
  Melee: Short sword       |    78 |       ||    78
         Unarmed           |     9 |       ||     9
         Rapier            |     2 |    39 ||    41
  Throw: Dart              |       |     5 ||     5
   Cast: Vampiric Draining |     3 |    17 ||    20
    Use: Scroll            |     1 |       ||     1
   Stab: Sleeping          |     3 |     4 ||     7
         Distracted        |     1 |       ||     1
 Armour: Robe              |    20 |    16 ||    36
  Dodge: Dodged            |    57 |    49 ||   106
